 Dungeon Crawl Stone Soup version 0.17.1-1-g73c8601 (console) character file.

355943 Kloppie the Purifying Orc (level 22, -11/205 HPs)
             Began as a Hill Orc Fighter on Dec 12, 2015.
             Was a High Priest of Elyvilon.
             Killed from afar by Margery (21 damage)
             ... with a fireball
             ... on level 5 of the Vaults.
             The game lasted 02:10:51 (45594 turns).

Kloppie the Purifying Orc (Hill Orc Fighter)       Turns: 45594, Time: 02:10:51

Health: -11/205    AC: 45    Str: 23    XL:     22   Next: 33%
Magic:  0/36       EV: 25    Int:  4    God:    Elyvilon [*****.]
Gold:   737        SH: 15    Dex: 21    Spells: 0 memorised, 21 levels left

rFire  . . .     SeeInvis +     M - +3 broad axe (elec)
rCold  + + .     Clarity  .     H - +27 Lear's hauberk
rNeg   + + +     SustAt   .     V - +0 shield {reflect}
rPois  +         Gourm    .     (helmet currently unavailable)
rElec  +         Spirit   +     U - +1 ratskin cloak {rPois rN+ Int-1 Dex-1}
rCorr  .         Warding  .     (gloves currently unavailable)
rMut   .         Stasis   .     (boots currently unavailable)
MR     +....                    d - amulet "Dutrurgh" {Spirit rElec rN++ SInv}
Stlth  ..........               I - ring of protection from cold
                                B - ring of protection from cold

@: agile, about to teleport, somewhat resistant to hostile enchantments,
extremely unstealthy
A: dopey 1
a: Lesser Healing, Heal Other, Purification, Greater Healing, Divine Vigour,
Divine Protection, Renounce Religion
}: 2/15 runes: decaying, gossamer


You were on level 5 of the Vaults.
You worshipped Elyvilon.
Elyvilon was extremely pleased with you.
You were near starving.

You visited 7 branches of the dungeon, and saw 41 of its levels.
You visited 1 bazaar.
You also visited: Bailey and Ice Cave.

You collected 4507 gold pieces.
You spent 3770 gold pieces at shops.

Inventory:

Hand Weapons
 a - the +10 hand axe "Zinkekh" {elec, +Fly rPois Str+4}
   (You bought it in a shop on level 4 of the Orcish Mines)

   Occasionally, upon striking a foe, it will discharge some electrical energy
   and cause terrible harm.
   It affects your strength (+4).
   It protects you from poison.
   It lets you fly.
 b - a +1 broad axe of flaming
 M - a +3 broad axe of electrocution (weapon)
Missiles
 l - 3 silver javelins (quivered)
Armour
 E - the +5 ring mail "Wyan" {MR+ MP-9 Str+3 Int+7}
   (You found it on level 5 of the Dungeon)

   It affects your strength (+3).
   It affects your intelligence (+7).
   It affects your resistance to hostile enchantments.
   It affects your magic capacity (-9).
 H - the +27 Lear's hauberk (worn)
   (You found it on level 1 of the Swamp)
 U - the +1 ratskin cloak (worn) {rPois rN+ Int-1 Dex-1}
   (You bought it in a shop on level 4 of the Orcish Mines)

   It affects your intelligence (-1).
   It affects your dexterity (-1).
   It protects you from poison.
   It protects you from negative energy.
 V - a +0 shield of reflection (worn)
Jewellery
 d - the amulet "Dutrurgh" (around neck) {Spirit rElec rN++ SInv}
   (You bought it in a shop on level 2 of the Vaults)

   [amulet of guardian spirit]

   It causes incoming damage to be split between your health and magic.
   It insulates you from electricity.
   It greatly protects you from negative energy.
   It lets you see invisible.
 j - an uncursed ring of sustain attributes
 y - an uncursed amulet of regeneration
 B - a ring of protection from cold (left hand)
 C - the amulet "Qepo" {Ward +Fly rC+ rN+ Slay+5}
   (You found it on level 1 of the Vaults)

   [amulet of warding]

   It may prevent the melee attacks of summoned creatures.
   It affects your accuracy and damage with ranged weapons and melee attacks
   (+5).
   It protects you from cold.
   It protects you from negative energy.
   It lets you fly.
 I - a ring of protection from cold (right hand)
 K - an uncursed amulet of stasis
 N - an uncursed ring of stealth
 O - an uncursed ring of teleportation
 W - an uncursed amulet of clarity
Wands
 c - a wand of slowing (23)
 i - a wand of heal wounds (7)
 J - a wand of invisibility (2)
 X - a wand of disintegration (18)
Scrolls
 f - a scroll of brand weapon
 g - 13 scrolls of identify
 k - 4 scrolls of enchant armour
 n - 17 scrolls of teleportation
 o - 16 scrolls of remove curse
 p - 2 scrolls of recharging
 q - 5 scrolls of blinking
 v - 5 scrolls of enchant weapon
 w - 4 scrolls of fear
 S - 4 scrolls of fog
 T - 2 scrolls of magic mapping
Potions
 m - 3 potions of lignification
 t - 3 potions of haste
 x - 6 potions of ambrosia
 z - a potion of cancellation
 A - 5 potions of flight
 G - 17 potions of curing
 Y - 2 potions of cure mutation
 Z - a potion of resistance
Books
 D - an Akashic Record

   Spells                             Type                      Level
   a - Dispersal                      Translocation                6
   b - Malign Gateway                 Summoning/Translocation      7
   c - Disjunction                    Translocation                8
   d - Controlled Blink               Translocation                8
Miscellaneous
 s - a phial of floods
 Q - a fan of gales
 R - a phantom mirror
Comestibles
 e - 13 bread rations
 r - 13 meat rations
 u - 6 fruits


   Skills:
 - Level 19.0 Fighting
 - Level 18.0 Axes
 + Level 19.8 Armour
 - Level 14.1 Dodging
 - Level 15.2 Shields
 - Level 20.3 Invocations


You had 21 spell levels left.
You didn't know any spells.

Dungeon Overview and Level Annotations

Branches:
Dungeon (15/15)            Temple (1/1) D:7            Lair (8/8) D:10
  Swamp (4/4) Lair:3       Spider (4/4) Lair:3        Slime (0/6) Lair:7
    Orc (4/4) D:12            Elf (0/3) Orc:3        Vaults (5/5) D:14
  Crypt (0/3) Vaults:3     Depths (0/5) D:15

Altars:
Ashenzari
Dithmenos
Elyvilon
Fedhas
Gozag
Kikubaaqudgha
Makhleb
Okawaru
Qazlal
Sif Muna
Trog
Vehumet
Xom
Yredelemnul
Zin
Beogh

Shops:
D:9 %}?*   D:11 *   D:13 ?   Orc:1 (   Orc:3 (*(   Orc:4 [:*(   Vaults:1 *
Vaults:2 [=   Vaults:4 ==

Annotations:
D:4 Kloppie's ghost, amateur HOFi; Sigmund
Lair:3 exclusion: oklob plant
Spider:1 exclusion: Roxanne, Norris; Roxanne
Vaults:5 Margery


Innate Abilities, Weirdness & Mutations

You are dopey. (Int -2)


Message History

You hear an angry hiss.
You hit Margery.
Margery is lightly wounded.
Margery gestures at you while chanting.
The fireball explodes!
The fireball engulfs you! Elyvilon protects you from harm!
The fireball engulfs Margery.
Margery resists.
The fireball engulfs the hell knight.
The hell knight completely resists.
The hell knight misses you.
You hit Margery.
Margery is moderately wounded.
You hit the hell knight.
The hell knight is lightly wounded.
The hell knight hits you but does no damage.
Space warps horribly around you!
* * * LOW HITPOINT WARNING * * *
The hell knight closely misses you. Margery casts a spell at you.
The fireball explodes!
The fireball engulfs you!
You die...

#. .. #.. . .. #.
##.# #. #..# #..
#..#
.#.#..#####..#.#..#
.....(()..@@pC.....
......)).).p.......
###################


You could see Margery, a fire giant and 2 hell knights.

Vanquished Creatures
  3 ancient liches
  Nikola (Vaults:1)
  A bone dragon (Vaults:3)
  Arachne (Spider:4)
  A tentacled monstrosity (Swamp:4)
  A quicksilver dragon (Vaults:5)
  Agnes (Spider:4)
  3 shadow dragons
  5 thorn hunters
  Frances (D:11)
  The ghost of bezhaha the Warrior, an adept GrCK of Xom (Spider:2)
  2 storm dragons
  A greater naga (Vaults:1)
  Wiglaf (Vaults:1)
  Donald (Swamp:4)
  Maud (Lair:7)
  An iron dragon (Vaults:4)
  3 fire giants
  2 frost giants
  2 ghost moths (Spider:4)
  An orc warlord (Orc:3)
  9 vault wardens
  7 emperor scorpions
  17 ironheart preservers
  2 war gargoyles
  8 stone giants
  5 very ugly things
  Nessos (D:12)
  2 deep elf demonologists (Vaults:1)
  A deep elf annihilator (Vaults:1)
  A salamander stormcaller (Vaults:2)
  2 green deaths (Swamp:4)
  Snorg (Orc:1)
  3 great orbs of eyes
  An ettin (Vaults:1)
  A deep elf high priest (Vaults:5)
  5 yaktaur captains
  47 vault guards
  Erolcha (Orc:1)
  6 fire dragons
  The ghost of Wutend the Cleaver, a journeyman FoFi of Qazlal (Lair:1)
  13 hydras
  A ghost crab (Swamp:4)
  2 ice dragons
  An entropy weaver (Spider:4)
  9 centaur warriors
  4 catoblepae
  Erica (D:9)
  2 deep troll shamans (Vaults:1)
  The ghost of riffraff the Fighter, a novice DsBe of Trog (Lair:1)
  A dancing weapon (Vaults:1)
  2 deep troll earth magi
  An orc high priest (Orc:4)
  5 alligators
  24 death yaks
  7 ogre magi
  Urug (Lair:1)
  A thrashing horror (Swamp:4)
  A shadow wraith (Vaults:2)
  3 giant orange brains
  4 deep trolls
  A death drake (shapeshifter) (Vaults:3)
  A spriggan druid (Swamp:4)
  A skeletal warrior (D:15)
  4 deep elf knights
  2 deep elf summoners (Vaults:1)
  7 hill giants
  11 harpies
  4 swamp dragons
  2 large abominations (Swamp:4)
  4 necromancers
  4 phantasmal warriors
  Pikel (D:9)
  A flayed ghost (Vaults:4)
  2 deep elf conjurers (Vaults:1)
  13 orb spiders
  3 unseen horrors
  11 orc knights
  13 ironbrand convokers
  7 griffons
  A wizard (Vaults:1)
  A manticore (D:11)
  3 orc sorcerers
  A stone giant zombie (D:15)
  22 ugly things
  3 human zombies
  A frost giant zombie (Vaults:3)
  8 hornets
  13 elephants
  7 cyclopes
  3 tengu skeletons
  6 moths of wrath
  30 wolf spiders
  2 centaur zombies
  18 vault sentinels
  A fire giant skeleton (D:15)
  2 frost giant skeletons
  14 spiny frogs
  An ice statue (IceCv)
  A black mamba (shapeshifter) (Vaults:2)
  Psyche (D:11)
  A gargoyle (D:15)
  4 orange demons (Swamp:4)
  3 torpor snails
  3 centaur skeletons
  7 black mambas
  18 yaktaurs
  5 kobold demonologists
  7 demonic crawlers
  8 komodo dragons
  3 fire drakes
  7 freezing wraiths
  A guardian mummy (D:15)
  6 deep elf priests
  14 polar bears
  A fire drake (shapeshifter) (Vaults:2)
  An efreet (D:15)
  31 jumping spiders
  A jumping spider (shapeshifter) (Vaults:1)
  A shadow dragon simulacrum (Vaults:2)
  9 two-headed ogres
  A queen bee (shapeshifter) (Vaults:4)
  2 tengu conjurers
  5 trolls
  10 bog bodies
  30 blink frogs
  3 boulder beetles (Vaults:1)
  52 slime creatures
  7 giant leeches
  35 redbacks
  5 wraiths
  11 deep elf fighters
  31 trapdoor spiders
  3 deep elf magi
  84 yaks
  6 spriggans
  2 wyverns
  A water elemental (D:12)
  An ice dragon skeleton (D:15)
  2 hogs (D:14)
  24 tarantellas
  A shadow (Swamp:4)
  12 hippogriffs
  2 hungry ghosts
  45 vampire mosquitoes
  6 basilisks
  A human (D:14)
  Grum (D:11)
  5 wargs
  26 swamp worms
  3 steam dragons
  2 yaktaur simulacra (Vaults:2)
  A human simulacrum (Vaults:2)
  2 mottled dragons (Vaults:1)
  2 soldier ants
  9 insubstantial wisps
  33 wolves
  15 water moccasins
  11 porcupines
  24 spiders
  34 orc warriors
  2 eyes of draining
  6 swamp drakes
  4 sky beasts
  2 phantoms
  An elf zombie (Vaults:2)
  8 ice beasts
  28 ogres
  4 slaves (D:9)
  A trapdoor spider simulacrum (D:12)
  A human skeleton (Vaults:3)
  3 boggarts (Vaults:2)
  A necrophage (D:7)
  An orc skeleton (Vaults:2)
  27 centaurs
  14 wasps
  16 crocodiles
  Blork the orc (Orc:4)
  12 giant frogs
  3 big kobolds
  A wyvern zombie (D:6)
  An ogre simulacrum (Vaults:1)
  8 scorpions
  A wyvern skeleton (D:9)
  9 wights
  5 electric eels
  A killer bee (D:10)
  9 crimson imps
  7 giant frog zombies
  2 jellies
  A gnoll shaman (D:5)
  28 orc priests
  4 hounds
  32 orc wizards
  A quasit (D:8)
  2 giant frog skeletons (D:11)
  Natasha (thrice) (D:3)
  6 iguanas
  28 sheep
  10 worker ants
  5 hell rats
  A centaur simulacrum (D:12)
  A hound skeleton (D:8)
  14 adders
  14 gnolls
  117 river rats
  2 white imps (D:12)
  9 shadow imps
  2 adder skeletons
  3 worms
  4 giant geckos
  196 orcs
  15 bats
  4 giant cockroaches
  7 hobgoblins
  17 kobolds
  3 quokkas
  A ball python (D:1)
  A giant gecko zombie (D:6)
  4 giant newts
  16 goblins
  10 jackals
  12 rats
  5 briar patches (Swamp:4)
  2 crawling corpses (Vaults:1)
  3 fungi
  10 plants
1923 creatures vanquished.

Vanquished Creatures (others)
  A very ugly thing (Vaults:5)
  A salamander stormcaller (Vaults:4)
  A deep elf high priest (Vaults:5)
  A shadow wraith (Vaults:1)
  A cyclops (Vaults:1)
  2 yaktaurs (Vaults:2)
  2 polar bears (IceCv)
  A redback (Spider:4)
  2 yaks (IceCv)
  A deep elf fighter (Vaults:1)
  2 wolves (IceCv)
  A porcupine (Lair:3)
  8 centaurs
  An orc priest (D:12)
  3 river rats (Lair:7)
  2 orcs
  A kobold (Vaults:1)
  4 briar patches (Swamp:4)
  A fire vortex (Vaults:4)
  19 fungi
  18 plants
73 creatures vanquished.

Grand Total: 1996 creatures vanquished

Notes
Turn   | Place    | Note
--------------------------------------------------------------
     0 | D:1      | Kloppie the Hill Orc Fighter began the quest for the Orb.
     0 | D:1      | Reached XP level 1. HP: 19/19 MP: 1/1
   109 | D:1      | Reached skill level 4 in Fighting
   109 | D:1      | Reached XP level 2. HP: 27/27 MP: 2/2
   714 | D:2      | Reached XP level 3. HP: 21/34 MP: 3/3
  1000 | D:1      | Reached XP level 4. HP: 38/41 MP: 4/4
  1055 | D:2      | Found a faded altar to an unknown god.
  1153 | D:2      | Reached skill level 5 in Fighting
  1235 | D:2      | Found a bloodstained altar of Trog.
  1235 | D:2      | Found a burning altar of Makhleb.
  1497 | D:3      | Reached XP level 5. HP: 48/48 MP: 5/5
  1506 | D:3      | Reached skill level 5 in Axes
  1830 | D:3      | Noticed Natasha
  1841 | D:3      | Killed Natasha
  1897 | D:3      | Found an opulent altar of Gozag.
  2127 | D:3      | Noticed Natasha
  2140 | D:3      | Killed Natasha
  2160 | D:3      | Noticed Natasha
  2362 | D:3      | Killed Natasha
  2390 | D:4      | Noticed Sigmund
  2391 | D:4      | Noticed Kloppie's ghost (amateur HOFi)
  2516 | D:4      | Reached skill level 6 in Fighting
  2516 | D:4      | Reached XP level 6. HP: 47/57 MP: 6/6
  2643 | D:5      | Entered Level 5 of the Dungeon
  2665 | D:5      | Got a faintly glowing ring mail
  2686 | D:5      | Identified the +5 ring mail "Wyan" {MR+ MP-9 Str+3 Int+7} (You found it on level 5 of the Dungeon)
  2829 | D:5      | Reached skill level 7 in Axes
  2834 | D:5      | Reached XP level 7. HP: 64/64 MP: 7/7
  3275 | D:5      | Reached skill level 8 in Axes
  3512 | D:6      | Reached XP level 8. HP: 74/74 MP: 8/8
  3590 | D:6      | Reached skill level 9 in Axes
  3992 | D:7      | Found a bloodstained altar of Trog.
  4175 | D:7      | Noticed a hill giant
  4191 | D:7      | Killed a hill giant
  4191 | D:7      | Reached skill level 10 in Fighting
  4191 | D:7      | Reached skill level 10 in Axes
  4191 | D:7      | Reached XP level 9. HP: 72/86 MP: 0/9
  4228 | D:7      | Found a staircase to the Ecumenical Temple.
  4233 | D:7      | Reached skill level 11 in Axes
  4239 | Temple   | Entered the Ecumenical Temple
  4291 | Temple   | Became a worshipper of Elyvilon the Healer
  4542 | D:8      | Found an iron altar of Okawaru.
  4774 | D:8      | Reached skill level 1 in Invocations
  4801 | D:8      | Found a stormy altar of Qazlal.
  5098 | D:8      | Reached * piety under Elyvilon
  5197 | D:8      | Reached skill level 5 in Invocations
  5538 | D:9      | Found Only's Magic Scroll Emporium.
  5586 | D:9      | Found Huon's Food Shoppe.
  5588 | D:9      | Noticed Pikel
  5621 | D:9      | Killed Pikel
  5621 | D:9      | Reached skill level 5 in Shields
  5621 | D:9      | Reached XP level 10. HP: 64/94 MP: 15/15
  5731 | D:9      | Found a deep blue altar of Sif Muna.
  5746 | D:9      | Reached skill level 5 in Armour
  5784 | D:9      | Found Onned's Gadget Boutique.
  5838 | D:9      | Noticed Erica
  5865 | D:9      | Found Zuzerr's General Store.
  5878 | D:9      | Killed Erica
  5925 | D:9      | Identified a scroll of acquirement
  6354 | D:10     | Entered Level 10 of the Dungeon
  6493 | D:10     | Found a radiant altar of Vehumet.
  6728 | D:10     | Reached ** piety under Elyvilon
  7081 | D:10     | Reached XP level 11. HP: 79/101 MP: 16/16
  7309 | D:10     | Found a staircase to the Lair.
  7364 | Lair:1   | Entered Level 1 of the Lair of Beasts
  7585 | Lair:1   | Noticed Urug
  7608 | Lair:1   | Killed Urug
  7720 | Lair:1   | Noticed riffraff's ghost (novice DsBe)
  7786 | Lair:1   | Killed riffraff's ghost
  7786 | Lair:1   | Reached skill level 10 in Shields
  7883 | Lair:1   | Noticed Wutend's ghost (journeyman FoFi)
  7907 | Lair:1   | Killed Wutend's ghost
  8064 | Lair:1   | Reached *** piety under Elyvilon
  8535 | Lair:2   | Reached skill level 12 in Shields
  8662 | Lair:2   | Reached XP level 12. HP: 107/107 MP: 8/17
  9370 | Lair:3   | Noticed a seven-headed hydra
  9375 | Lair:3   | Pacified a nine-headed hydra
  9375 | Lair:3   | Reached skill level 13 in Shields
  9604 | Lair:3   | Found a staircase to the Swamp.
  9891 | Lair:3   | Reached **** piety under Elyvilon
  9923 | Lair:3   | Reached skill level 14 in Shields
 10347 | Lair:3   | Found a blossoming altar of Fedhas.
 10450 | Lair:3   | Found a hole to the Spider Nest.
 11211 | Lair:4   | Noticed an eight-headed hydra
 11216 | Lair:4   | Pacified an eight-headed hydra
 11229 | Lair:4   | Reached skill level 15 in Shields
 11675 | Lair:4   | Reached XP level 13. HP: 114/114 MP: 9/18
 12125 | Lair:5   | Reached ***** piety under Elyvilon
 13020 | Lair:6   | Drew Focus: Str increased to 21, Int decreased to 7
 13185 | Lair:6   | Reached skill level 15 in Axes
 13729 | Lair:7   | Reached skill level 16 in Axes
 13792 | Lair:7   | Reached skill level 10 in Armour
 13873 | Lair:7   | Noticed Maud
 13894 | Lair:7   | Killed Maud
 14174 | Lair:7   | Found a staircase to the Slime Pits.
 14520 | D:11     | Reached XP level 14. HP: 96/124 MP: 10/19
 14565 | D:11     | Found Neockol's General Store.
 14568 | D:11     | Bought a scroll of brand weapon for 240 gold pieces
 14633 | D:11     | Noticed Grum
 14657 | D:11     | Killed Grum
 15092 | D:11     | Noticed Psyche
 15102 | D:11     | Killed Psyche
 15659 | D:12     | Noticed Frances
 15689 | D:11     | Killed Frances
 15758 | D:12     | Found a frozen archway.
 15769 | IceCv    | Entered an ice cave
 16714 | IceCv    | Noticed a frost giant
 16771 | IceCv    | Killed a frost giant
 17063 | D:12     | Noticed Nessos
 17087 | D:12     | Killed Nessos
 17303 | D:12     | Found a staircase to the Orcish Mines.
 18411 | D:12     | Reached XP level 15. HP: 138/138 MP: 11/20
 18514 | Orc:1    | Entered Level 1 of the Orcish Mines
 18588 | Orc:1    | Noticed Snorg
 18589 | Orc:1    | Found Sadaiv's Weapon Shoppe.
 18604 | Orc:1    | Killed Snorg
 18916 | Orc:2    | Found a flagged portal.
 18930 | Bailey   | Entered a bailey
 19378 | Orc:1    | Noticed Erolcha
 19405 | Orc:1    | Killed Erolcha
 19442 | Orc:1    | Found a roughly hewn altar of Beogh.
 19602 | Orc:2    | Paralysed by an orc sorcerer for 3 turns
 19802 | Orc:3    | Found a staircase to the Elven Halls.
 20091 | Orc:3    | Found Qealeose's Weapon Boutique.
 20113 | Orc:3    | Bought a +1 broad axe of chopping for 143 gold pieces
 20182 | Orc:4    | Entered Level 4 of the Orcish Mines
 20272 | Orc:4    | Found a burning altar of Makhleb.
 20373 | Orc:4    | Reached ****** piety under Elyvilon
 20659 | Orc:3    | Reached skill level 15 in Fighting
 20906 | Orc:4    | Noticed Blork the orc
 20924 | Orc:4    | Killed Blork the orc
 20987 | Orc:3    | Found Teitec's Assorted Antiques.
 21082 | Orc:3    | Found Toadeel's Weapon Boutique.
 21086 | Orc:3    | Bought a scroll labeled XOUROEWN RETOFE for 31 gold pieces
 21086 | Orc:3    | Bought a knobbly golden ring for 155 gold pieces
 21645 | Orc:4    | Found a roughly hewn altar of Beogh.
 21662 | Orc:4    | Found Ylulus's Book Shoppe.
 21679 | Orc:4    | Found Hiucoyrgh's Antique Weapon Shoppe.
 21686 | Orc:4    | Bought a glowing broad axe for 148 gold pieces
 21686 | Orc:4    | Bought a dazzling hand axe for 296 gold pieces
 21715 | Orc:4    | Found Levonoju's General Store.
 21722 | Orc:4    | Bought a scroll of identify for 30 gold pieces
 21722 | Orc:4    | Bought a scroll of enchant weapon for 112 gold pieces
 21731 | Orc:4    | Found Oguydaez's Antique Armour Shoppe.
 21738 | Orc:4    | Bought the +1 ratskin cloak {rPois rN+ Int-1 Dex-1} for 579 gold pieces
 21738 | Orc:4    | Bought a runed shield for 126 gold pieces
 21760 | Orc:4    | Identified the +10 hand axe "Zinkekh" {elec, +Fly rPois Str+4} (You bought it in a shop on level 4 of the Orcish Mines)
 22470 | Lair:8   | Entered Level 8 of the Lair of Beasts
 23044 | Lair:8   | Reached skill level 15 in Armour
 23322 | Lair:8   | Reached XP level 16. HP: 65/151 MP: 10/23
 23462 | Lair:8   | Reached skill level 10 in Invocations
 23677 | Lair:8   | Found a glowing silver altar of Zin.
 24283 | Lair:8   | Identified a +5 rod of shadows (13/13) (You found it on level 8 of the Lair of Beasts)
 24615 | Swamp:1  | Entered Level 1 of the Swamp
 24620 | Swamp:1  | Noticed a thorn hunter
 24635 | Swamp:1  | Killed a thorn hunter
 25078 | Swamp:1  | Noticed a thorn hunter
 25098 | Swamp:1  | Killed a thorn hunter
 26259 | Swamp:3  | Reached skill level 15 in Invocations
 26294 | Swamp:3  | Noticed a thorn hunter
 26311 | Swamp:3  | Killed a thorn hunter
 27100 | Spider:1 | Entered Level 1 of the Spider Nest
 27158 | Spider:1 | Reached XP level 17. HP: 149/158 MP: 29/29
 27212 | Spider:1 | Noticed Roxanne
 27290 | Spider:1 | Reached skill level 17 in Invocations
 27850 | Spider:2 | Noticed bezhaha's ghost (adept GrCK)
 27870 | Spider:1 | HP: 6/158 [poisoned by an emperor scorpion]
 28170 | Spider:2 | Killed bezhaha's ghost
 28181 | Spider:2 | Reached skill level 18 in Invocations
 28285 | Spider:2 | Noticed Norris
 28785 | D:13     | Found Eggude's Magic Scroll Shop.
 29571 | D:14     | Found a gate to the Vaults.
 29582 | D:14     | Reached skill level 19 in Invocations
 30458 | D:14     | Got a warped leather armour
 30459 | D:14     | Identified the +0 leather armour "Ciqurep" {Int+4} (You found it on level 14 of the Dungeon)
 30520 | D:15     | Entered Level 15 of the Dungeon
 30759 | D:15     | Found a staircase to the Depths.
 30794 | D:15     | Reached skill level 20 in Invocations
 31987 | Spider:3 | Reached XP level 18. HP: 166/168 MP: 32/32
 32383 | Spider:3 | Reached skill level 1 in Dodging
 32613 | Spider:4 | Entered Level 4 of the Spider Nest
 33082 | Spider:4 | Noticed Arachne
 33110 | Spider:4 | Killed Arachne
 33302 | Spider:4 | Noticed Agnes
 33314 | Spider:4 | Killed Agnes
 33314 | Spider:4 | Reached skill level 5 in Dodging
 34171 | Spider:4 | Got a gossamer rune of Zot
 34473 | Swamp:4  | Entered Level 4 of the Swamp
 34473 | Swamp:4  | Noticed Donald
 34483 | Swamp:4  | Killed Donald
 35459 | Swamp:4  | Noticed a tentacled monstrosity
 35486 | Swamp:4  | Killed a tentacled monstrosity
 35486 | Swamp:4  | Reached XP level 19. HP: 109/174 MP: 33/33
 35537 | Swamp:4  | Reached skill level 10 in Dodging
 35816 | Swamp:4  | Got a decaying rune of Zot
 36163 | Vaults:1 | Entered Level 1 of the Vaults
 36270 | Vaults:1 | Noticed Wiglaf
 36287 | Vaults:1 | Killed Wiglaf
 36301 | Vaults:1 | Got a fine golden amulet
 36302 | Vaults:1 | Identified the amulet "Qepo" {Ward +Fly rC+ rN+ Slay+5} (You found it on level 1 of the Vaults)
 36484 | Vaults:1 | Found Zatin Nui's Assorted Antiques.
 36640 | Vaults:1 | Noticed Nikola
 36668 | Vaults:1 | Killed Nikola
 37622 | Vaults:1 | Reached XP level 20. HP: 147/183 MP: 31/34
 38299 | Vaults:1 | Got a tattered robe
 38300 | Vaults:1 | Identified the +2 robe of the Abyss {rElec} (You found it on level 1 of the Vaults)
 38365 | Vaults:1 | Identified Sif Muna's Reference Book on Enhancements
 39592 | Vaults:2 | Found Zatah's Jewellery Boutique.
 39609 | Vaults:2 | Bought the amulet "Dutrurgh" {Spirit rElec rN++ SInv} for 1115 gold pieces
 40704 | Vaults:2 | Found a stormy altar of Qazlal.
 40756 | Vaults:2 | Found Qoryng's Antique Armour Boutique.
 41010 | Vaults:3 | Noticed a bone dragon
 41011 | Vaults:3 | Found a staircase to the Crypt.
 41056 | Vaults:3 | Killed a bone dragon
 41871 | Vaults:3 | Reached XP level 21. HP: 198/198 MP: 35/35
 43064 | Vaults:4 | Found Jaute's Jewellery Shop.
 43096 | Vaults:4 | Found a flickering gateway to a bazaar.
 43102 | Bazaar   | Entered a bazaar
 43102 | Bazaar   | Found Pehesuun's General Store.
 43102 | Bazaar   | Found Wazoamma's Weapon Boutique.
 43102 | Bazaar   | Found Zeidytai's Antique Weapon Shoppe.
 43102 | Bazaar   | Found Monotop's Food Shop.
 43104 | Bazaar   | Found Wuorew's General Store.
 43104 | Bazaar   | Found Hiwnauwaets's Magic Scroll Shop.
 43129 | Bazaar   | Bought a scroll of blinking for 75 gold pieces
 43129 | Bazaar   | Bought a scroll of brand weapon for 200 gold pieces
 43129 | Bazaar   | Bought a fan of gales for 400 gold pieces
 43140 | Bazaar   | Bought a scroll of teleportation for 36 gold pieces
 43140 | Bazaar   | Bought a scroll of fog for 24 gold pieces
 43140 | Bazaar   | Bought a scroll of fog for 24 gold pieces
 43140 | Bazaar   | Bought a scroll of teleportation for 36 gold pieces
 43794 | Vaults:4 | Found Oxkoture's Jewellery Emporium.
 43873 | Vaults:4 | Noticed an ancient lich
 43907 | Vaults:4 | Killed an ancient lich
 44622 | Vaults:5 | Entered Level 5 of the Vaults
 45388 | Vaults:5 | Reached XP level 22. HP: 182/205 MP: 29/36
 45404 | Vaults:5 | HP: 2/287 [vault warden/bolt (13)]
 45404 | Vaults:5 | Elyvilon protects you from harm!
 45407 | Vaults:5 | Noticed an ancient lich
 45432 | Vaults:5 | Killed an ancient lich
 45494 | Vaults:5 | Noticed an ancient lich
 45504 | Vaults:5 | Gained mutation: You are dopey. (Int -2) [a cacodemon]
 45518 | Vaults:5 | Killed an ancient lich
 45582 | Vaults:5 | Noticed Margery
 45593 | Vaults:5 | Elyvilon protects you from harm!
 45594 | Vaults:5 | HP: 10/205 [hell knight/great mace of distortion[Margery] (15)]
 45594 | Vaults:5 | Killed from afar by Margery

Action                   |  1- 3 |  4- 6 |  7- 9 | 10-12 | 13-15 | 16-18 | 19-21 | 22-24 || total
-------------------------+-------+-------+-------+-------+-------+-------+-------+-------++-------
Melee: War axe           |    78 |   200 |   264 |   893 |  1769 |       |       |       ||  3204
       Hand axe          |       |       |       |       |   234 |  2009 |   927 |       ||  3170
       Broad axe         |       |       |       |       |       |    57 |   701 |    74 ||   832
Throw: Javelin           |       |       |       |       |     3 |       |       |       ||     3
Invok: Heal Other        |       |       |       |     2 |    14 |     2 |     2 |     1 ||    21
       Greater Healing   |       |       |       |       |     5 |     7 |     4 |     4 ||    20
       Purification      |       |       |       |       |       |     1 |     1 |       ||     2
       Divine Vigour     |       |       |       |       |       |       |     2 |     1 ||     3
Evoke: Deck              |       |       |       |       |     4 |       |       |       ||     4
       Wand              |       |       |       |       |     1 |       |       |       ||     1
  Use: Scroll            |       |     5 |     7 |    12 |    15 |     8 |     4 |     2 ||    53
       Potion            |       |       |     2 |     2 |     6 |     4 |     5 |     4 ||    23
 Stab: Invisible         |       |       |       |     8 |       |       |       |       ||     8
       Petrifying        |       |       |       |       |     1 |       |       |       ||     1
       Petrified         |       |       |       |       |     1 |       |       |       ||     1
       Held in net/web   |       |       |       |       |       |     1 |       |       ||     1
  Eat: Chunk             |       |     7 |    10 |    27 |    35 |    33 |    24 |       ||   136
       Fruit             |       |       |       |     1 |     6 |       |       |       ||     7
       Beef jerky        |       |       |       |     1 |       |       |     1 |       ||     2
       Bread ration      |       |       |       |       |     2 |     5 |     2 |       ||     9
       Meat ration       |       |       |       |       |     3 |       |     1 |       ||     4
       Pizza             |       |       |       |       |       |       |     1 |       ||     1
